 Dungeon Crawl Stone Soup version 0.18.1-48-g4cf74bf (webtiles) character file.

8099 Gargoyl the Protected (level 11, 0/84 HPs)
             Began as a Demonspawn Abyssal Knight on July 13, 2016.
             Was a High Priest of Lugonu.
             Slain by a warg (10 damage)
             ... on level 9 of the Dungeon.
             The game lasted 00:24:11 (10775 turns).

Gargoyl the Protected (Demonspawn Abyssal Knight)  Turns: 10775, Time: 00:24:12

Health: 0/84       AC: 20    Str: 16      XL:     11   Next: 5%
Magic:  0/14       EV:  7    Int: 11 (13) God:    Lugonu [*****.]
Gold:   245        SH:  0    Dex: 12 (13) Spells: 0 memorised, 14 levels left

rFire  . . .     SeeInvis .     H - +2 war axe (elec)
rCold  . . .     Gourm    .     I - +0 plate armour
rNeg   + . .     Faith    .     (no shield)
rPois  .         Spirit   +     (helmet restricted)
rElec  .         Dismiss  .     o - +1 cloak {MR+}
rCorr  .         Reflect  .     (no gloves)
SustAt .         Harm     .     (no boots)
MR     +....                    (no amulet)
Stlth  ..........               (no ring)
                                j - ring of positive energy

@: somewhat resistant to hostile enchantments, extremely unstealthy
A: horns 2, yellow scales 2, demonic guardian 1, magic shield, no device heal 1
a: Depart the Abyss, Bend Space, Banish, Corrupt, Enter the Abyss, Renounce
Religion


You were on level 9 of the Dungeon.
You worshipped Lugonu.
Lugonu was extremely pleased with you.
You were not hungry.

You visited 1 branch of the dungeon, and saw 9 of its levels.
You visited the Abyss 1 time.
You also visited: Ossuary.

You collected 452 gold pieces.
You spent 207 gold pieces at shops.

Inventory:

Hand Weapons
 f - a +4 scythe of venom
 u - a +0 blowgun
 w - a +0 war axe of flaming
 H - a +2 war axe of electrocution (weapon)
Missiles
 v - 41 poisoned needles
 z - 9 tomahawks (quivered)
Armour
 o - a +1 cloak of magic resistance (worn)
 I - a +0 plate armour (worn)
Jewellery
 j - a ring of positive energy (left hand)
Wands
 h - a wand of random effects (29/48)
 n - a wand of random effects (25/48)
 C - a wand of flame (25/48)
 J - a wand of enslavement (15/24)
Scrolls
 g - 10 scrolls of identify
 i - a scroll of teleportation
 k - 4 scrolls of remove curse
 t - a scroll of blinking
 A - a scroll of amnesia
 D - a scroll of fog
 G - a scroll of magic mapping
Potions
 b - 5 potions of might
 d - 6 potions of degeneration
 l - 4 potions of brilliance
 p - 2 potions of agility
 q - 7 potions of curing
 r - 7 potions of lignification
 x - 3 potions of heal wounds
 B - 3 potions of haste
 E - 6 potions of flight
 F - a potion of magic {unknown}
 K - a potion of ambrosia
Books
 e - a book of Frost

   Spells                             Type                      Level
   a - Freeze                         Ice                          1
   b - Throw Frost                    Conjuration/Ice              2
   c - Ozocubu's Armour               Charms/Ice                   3
   d - Throw Icicle                   Conjuration/Ice              4
   e - Summon Ice Beast               Ice/Summoning                4
Comestibles
 c - 12 bread rations
 m - a slice of pizza
 s - 4 meat rations
 L - 3 chunks of flesh
 M - 6 beef jerkies


   Skills:
 + Level 7.3 Fighting
 + Level 4.3(5.6) Axes
 + Level 5.4(6.1) Polearms
 * Level 10.4 Armour
 + Level 5.3 Dodging
 + Level 3.1 Stealth
 + Level 2.4 Unarmed Combat
 + Level 2.4 Spellcasting
 + Level 4.6 Invocations
 + Level 2.6 Evocations


You had 14 spell levels left.
You didn't know any spells.

Dungeon Overview and Level Annotations

Branches:
Dungeon (9/15)             Temple (0/1) D:4
   Lair: D:8-11         Orc: D:9-12

Altars:
Fedhas
Pakellas
Qazlal

Shops:
D:4 *   D:9 ?


Innate Abilities, Weirdness & Mutations

You have a pair of horns on your head.
You are mostly covered in yellow scales (AC +3).
A weak demonic guardian rushes to your aid.
When hurt, damage is shared between your health and your magic reserves.
Potions and wands are less effective at restoring your health.


Message History

The orc warrior barely misses you.
You hit the orc warrior but do no damage.
You hit the warg but do no damage.
There is a sudden explosion of sparks!
The warg is severely wounded.
You miss the warg.
The warg is moderately wounded.
The warg bites you but does no damage. x2
Your iron imp barely misses the warg.
The orc warrior hits you with a dire flail!
* * * LOW HITPOINT WARNING * * *
Drink which item? (? for menu, Esc to quit)
You feel much better. The warg bites you.
* * * LOW HITPOINT WARNING * * *
The warg bites you.
* * * LOW HITPOINT WARNING * * *
Your iron imp hits the warg!
The orc warrior hits you with a dire flail!
* * * LOW HITPOINT WARNING * * *
The warg bites you!
You die...

##.## #.. #..# #.. ##.## #..
##..## #.# ########+#....##
#..##........##.#..#
#......####...####..
#hoh5##..##....###.
#.@....)........###
##...##..##.)...##.
##...####..)##.... ..
######.......###..## .......
#.# #########..###
........#####.## #..#
.......##..#...####.# ##..###
............<....... ##.....##
.
#..................##....#..##


You could see 2 wargs, an orc warrior and a friendly iron imp.

Vanquished Creatures
  A manticore (D:8)
  Grinder (D:3)
  Prince Ribbit (D:6)
  The ghost of Tagedieb the Sneak, an amateur SpEn (D:4)
  Duvessa (D:5)
  2 ice beasts
  A sky beast (D:7)
  4 orc warriors
  4 phantoms
  2 ogres
  A centaur (D:6)
  A giant frog (D:9)
  2 gnoll sergeants (D:7)
  Dowan (D:5)
  2 scorpions
  3 killer bees (D:7)
  A howler monkey (D:5)
  3 wights (D:7)
  A crimson imp (D:6)
  A quasit (D:9)
  2 hounds
  3 orc wizards (D:3)
  3 orc priests
  2 jellies
  2 iguanas
  Terence (D:3)
  6 worker ants
  2 big kobold zombies (Ossuary)
  A hound skeleton (D:7)
  3 mummies (Ossuary)
  Robin (D:3)
  A howler monkey zombie (D:8)
  13 adders
  2 shadow imps
  2 adder skeletons
  4 worms
  A dart slug (D:3)
  2 giant geckos (D:3)
  27 orcs
  2 ball pythons
  6 bats
  2 giant cockroaches
  15 goblins
  13 hobgoblins
  8 jackals
  10 quokkas
  3 giant newts
  A goblin zombie (Ossuary)
  A hobgoblin zombie (Ossuary)
  A jackal skeleton (D:3)
  10 kobolds
  A kobold zombie (Ossuary)
  3 orc zombies (Ossuary)
  A quokka skeleton (D:4)
  A quokka zombie (D:8)
  8 rats
  A toadstool (D:1)
199 creatures vanquished.

Vanquished Creatures (collateral kills)
  Pikel (D:7)
  Sigmund (D:3)
  A wyvern (D:8)
  A warg (D:9)
  A slave (D:7)
  A wyvern zombie (D:6)
  A giant frog (D:6)
  2 howler monkeys (D:7)
  A giant frog skeleton (D:4)
  An adder (D:8)
  3 orcs (D:6)
  2 goblins (D:3)
16 creatures vanquished.

Vanquished Creatures (others)
  3 slaves (D:7)
  2 howler monkeys (D:7)
  A gnoll (D:7)
  An adder skeleton (D:7)
  3 toadstools (D:1)
10 creatures vanquished.

Grand Total: 225 creatures vanquished

Notes
Turn   | Place    | Note
--------------------------------------------------------------
     0 | Abyss:1  | Gargoyl the Demonspawn Abyssal Knight began the quest for the Orb.
     0 | Abyss:1  | Reached XP level 1. HP: 18/18 MP: 2/2
    38 | Abyss:2  | Noticed a wraith
   100 | Abyss:2  | Noticed a smoke demon
   101 | Abyss:2  | Noticed a wretched star
   102 | D:1      | Escaped the Abyss
   350 | D:1      | Reached * piety under Lugonu
   412 | D:1      | Gained mutation: You are partially covered in yellow scales (AC +2). [demonic ancestry]
   412 | D:1      | Reached XP level 2. HP: 23/24 MP: 3/3
   450 | D:1      | Reached skill level 1 in Dodging
   594 | D:1      | Reached skill level 2 in Armour
  1085 | D:2      | Reached XP level 3. HP: 27/29 MP: 4/4
  1502 | D:2      | Reached ** piety under Lugonu
  1538 | D:2      | Found an oddly glowing altar of Pakellas.
  1851 | D:2      | Reached skill level 1 in Polearms
  1851 | D:2      | Gained mutation: A weak demonic guardian rushes to your aid. [demonic ancestry]
  1851 | D:2      | Reached XP level 4. HP: 34/37 MP: 5/5
  2293 | D:3      | Noticed Robin
  2579 | D:3      | Killed Robin
  2653 | D:3      | Noticed an ice beast
  2658 | D:3      | Gained mutation: Your system is resistant to poisons. [potion of mutation]
  2658 | D:3      | Gained mutation: Potions and wands are less effective at restoring your health. [potion of mutation]
  2658 | D:3      | Gained mutation: You have a pair of small antennae on your head. [potion of mutation]
  2660 | D:3      | Killed an ice beast
  2660 | D:3      | Reached skill level 3 in Armour
  2660 | D:3      | Gained mutation: You are mostly covered in yellow scales (AC +3). [demonic ancestry]
  2660 | D:3      | Reached XP level 5. HP: 22/42 MP: 6/6
  2860 | D:3      | Reached XP level 6. HP: 9/48 MP: 7/7
  2860 | D:3      | HP: 2/48 [goblin (3)]
  2868 | D:3      | Reached *** piety under Lugonu
  3217 | D:3      | Noticed Sigmund
  3223 | D:3      | Killed Sigmund
  3552 | D:3      | Noticed Terence
  3559 | D:3      | Killed Terence
  3583 | D:3      | Reached skill level 4 in Armour
  3793 | D:3      | Noticed Grinder
  3798 | D:3      | Paralysed by Grinder for 7 turns
  3809 | D:3      | Paralysed by Grinder for 2 turns
  3816 | D:3      | Killed Grinder
  3816 | D:3      | Reached XP level 7. HP: 30/55 MP: 8/8
  4412 | D:4      | Noticed Tagedieb's ghost (amateur SpEn)
  4415 | D:4      | Found a staircase to the Ecumenical Temple.
  4443 | D:4      | Killed Tagedieb's ghost
  4770 | D:4      | Reached skill level 5 in Armour
  4908 | D:4      | Reached **** piety under Lugonu
  5345 | D:4      | Found Yboel's Assorted Antiques.
  5368 | D:4      | Gained mutation: When hurt, damage is shared between your health and your magic reserves. [demonic ancestry]
  5368 | D:4      | Reached XP level 8. HP: 56/61 MP: 9/9
  5378 | D:4      | Bought a moonstone ring for 95 gold pieces
  5578 | D:4      | Reached skill level 5 in Fighting
  5837 | D:5      | Entered Level 5 of the Dungeon
  6018 | D:5      | Found a blossoming altar of Fedhas.
  6025 | D:5      | Found a stormy altar of Qazlal.
  6422 | D:5      | Noticed Duvessa
  6422 | D:5      | Noticed Dowan
  6431 | D:5      | Killed Duvessa
  6431 | D:5      | Reached skill level 6 in Armour
  6449 | D:5      | Killed Dowan
  6820 | D:6      | Noticed Prince Ribbit
  6839 | D:6      | Killed Prince Ribbit
  6934 | D:6      | Found a sand-covered staircase.
  6942 | Ossuary  | Entered an ossuary
  7103 | Ossuary  | Reached skill level 7 in Armour
  7456 | D:6      | Reached skill level 1 in Stealth
  7630 | D:6      | Reached XP level 9. HP: 54/68 MP: 7/10
  8132 | D:7      | Noticed Pikel
  8159 | D:7      | Killed Pikel
  8159 | D:7      | Reached skill level 8 in Armour
  8229 | D:7      | Reached ***** piety under Lugonu
  9092 | D:7      | Reached skill level 9 in Armour
  9453 | D:8      | Gained mutation: You occasionally shout uncontrollably at your foes. [potion of mutation]
  9453 | D:8      | Gained mutation: You sometimes yell uncontrollably at your foes. [potion of mutation]
  9457 | D:8      | Gained mutation: You are frail (-10% HP). [potion of mutation]
  9457 | D:8      | Lost mutation: You sometimes yell uncontrollably at your foes. [potion of mutation]
  9458 | D:8      | Lost mutation: You are frail (-10% HP). [potion of mutation]
  9458 | D:8      | Gained mutation: You have sharp toenails. [potion of mutation]
  9458 | D:8      | Gained mutation: You are resistant to hostile enchantments. [potion of mutation]
  9459 | D:8      | Lost mutation: You have sharp toenails. [potion of cure mutation]
  9459 | D:8      | Lost mutation: You have a pair of small antennae on your head. [potion of cure mutation]
  9459 | D:8      | Lost mutation: You are resistant to hostile enchantments. [potion of cure mutation]
  9459 | D:8      | Lost mutation: You occasionally shout uncontrollably at your foes. [potion of cure mutation]
  9459 | D:8      | Lost mutation: Your system is resistant to poisons. [potion of cure mutation]
  9893 | D:8      | Noticed a manticore
  9906 | D:8      | Killed a manticore
 10163 | D:8      | Reached skill level 5 in Polearms
 10163 | D:8      | Reached skill level 10 in Armour
 10163 | D:8      | Reached skill level 5 in Dodging
 10163 | D:8      | Gained mutation: You have a pair of small horns on your head. [demonic ancestry]
 10163 | D:8      | Reached XP level 10. HP: 79/79 MP: 10/13
 10302 | D:9      | Gained mutation: You have a pair of horns on your head. [demonic ancestry]
 10302 | D:9      | Reached XP level 11. HP: 64/84 MP: 10/14
 10547 | D:9      | Found Nuonuq's Magic Scroll Emporium.
 10555 | D:9      | Bought a scroll of blinking for 112 gold pieces
 10775 | D:9      | Slain by a warg

Skill      XL: |  1  2  3  4  5  6  7  8  9 |
---------------+----------------------------+-----
Dodging        | 1 2 3 4 5 |  5.3
Armour         | 2 3 4 5 7 10 | 10.4
Polearms       | 1 2 3 4 5 |  5.4
Fighting       | 4 5 7 |  7.3
Stealth        | 1 3 |  3.1
Axes           | 4 |  4.3
Unarmed Combat | 2 |  2.4
Spellcasting   | 2 |  2.4
Invocations    | 4 |  4.6
Evocations     | 2 |  2.6

Action                   |  1- 3 |  4- 6 |  7- 9 | 10-12 || total
-------------------------+-------+-------+-------+-------++-------
Melee: Scythe            |    95 |   136 |   193 |       ||   424
       War axe           |       |       |   159 |    64 ||   223
       Headbutt          |       |       |       |    10 ||    10
Throw: Tomahawk          |       |       |     3 |       ||     3
Invok: Depart the Abyss  |     1 |       |       |       ||     1
  Use: Potion            |     2 |     5 |     9 |     1 ||    17
       Scroll            |       |     1 |    15 |     4 ||    20
  Eat: Chunk             |     3 |     7 |    13 |     2 ||    25
       Fruit             |       |       |     5 |       ||     5
       Royal jelly       |       |       |     1 |       ||     1
       Pizza             |       |       |     1 |       ||     1
Armor: Leather armour    |    47 |    27 |       |       ||    74
       Ring mail         |       |    15 |       |       ||    15
       Scale mail        |       |    43 |       |       ||    43
       Chain mail        |       |     5 |   165 |       ||   170
       Plate armour      |       |       |   170 |    52 ||   222
Dodge: Dodged            |    61 |   149 |   204 |    31 ||   445
